 Dungeon Crawl Stone Soup version 0.32-a0-42-ga30500b4d3 (webtiles) character file.

Game seed: 9061345840056682704

12774 Atlas the Thaumaturge (level 11, -1/74 HPs)
             Began as a Demonspawn Fire Elementalist on Jan 26, 2024.
             Was a Priest of Vehumet.
             Slain by a gnoll sergeant
             ... wielding a +0 spear
              (5 damage)
             ... on level 11 of the Dungeon.
             The game lasted 00:17:09 (10863 turns).

Atlas the Thaumaturge (DsFE)                       Turns: 10863, Time: 00:17:10

Health: -1/74      AC: 14    Str:  8    XL:     11   Next: 66%
Magic:  0/25       EV: 13    Int: 19    God:    Vehumet [***...]
Gold:   803        SH:  0    Dex: 15    Spells: 21/31 levels left

rFire   . . .        L - +4 halberd
rCold   . . .        (shield currently unavailable)
rNeg    . . .        K - +0 troll leather armour
rPois   +            (no helmet)
rElec   .            y - scarf {shadows}
rCorr   .            H - +0 pair of gloves
SInv    .            (no boots)
Will    .....        (no amulet)
Stlth   ++           e - +4 ring of protection
HPRegen 4.12/turn    C - ring of poison resistance
MPRegen 0.38/turn

%: guardian spirit
@: sanguine armoured
A: powered by death 1, magic shield, magic regeneration, sanguine armour 1
a: Renounce Religion


You were on level 11 of the Dungeon.
You worshipped Vehumet.
Vehumet was most pleased with you.
You visited 2 branches of the dungeon, and saw 12 of its levels.

You collected 803 gold pieces.

Inventory:

Hand Weapons
 L - a +4 halberd (weapon)
Armour
 a - a +2 robe of willpower
 y - a scarf of shadows (worn)
 H - a +0 pair of gloves (worn)
 K - a +0 troll leather armour (worn)
Jewellery
 e - a +4 ring of protection (left hand)
 q - a ring of wizardry
 r - a ring of protection from fire
 C - a ring of poison resistance (right hand)
 I - a ring of flight
Wands
 k - a wand of flame (12)
 p - a wand of polymorph (4)
 s - a wand of mindburst (20)
 z - a wand of acid (20)
 G - a wand of paralysis (5)
Scrolls
 f - 11 scrolls of identify {unknown}
 g - 2 scrolls of enchant armour {unknown}
 h - a scroll of vulnerability {unknown}
 i - 2 scrolls of amnesia {unknown}
 m - 2 scrolls of poison {unknown}
 n - a scroll of brand weapon {unknown}
 v - 4 scrolls of teleportation {unknown}
 A - a scroll of fog {unknown}
 D - 2 scrolls of revelation {unknown}
 E - 3 scrolls of silence {unknown}
 F - a scroll of noise {unknown}
 J - 2 scrolls of enchant weapon {unknown}
Potions
 b - 2 potions of magic
 c - 2 potions of haste {unknown}
 d - 2 potions of mutation {unknown}
 j - 2 potions of lignification {unknown}
 l - 2 potions of cancellation {unknown}
 o - a potion of attraction {unknown}
 t - a potion of invisibility {unknown}
 w - 4 potions of heal wounds {unknown}
 x - a potion of curing {unknown}
 B - 3 potions of enlightenment {unknown}


   Skills:
 + Level 2.7 Fighting
 + Level 2.2 Short Blades
 + Level 1.9 Polearms
 + Level 2.7 Armour
 + Level 4.3 Dodging
 - Level 3.0 Stealth
 + Level 10.7 Spellcasting
 + Level 7.4 Conjurations
 + Level 10.2 Fire Magic


You had 21 spell levels left.
You knew the following spells:

 Your Spells              Type           Power      Damage    Failure   Level
a - Scorch                Fire           98%        2d9       1%          2
b - Foxfire               Conj/Fire      100%       2x1d9     1%          1
c - Flame Wave            Conj/Fire      43%        2d11      1%          4
d - Mephitic Cloud        Conj/Alch/Air  19%        N/A       3%          3

Your spell library contained the following spells:

 Spells                   Type           Power      Damage    Failure   Level
 Sticky Flame             Fire/Alch      29%        2d7       3%          4
 Kiss of Death            Conj/Necr      96%        2d12      1%          1
 Static Discharge         Conj/Air       48%        3-5/arc   1%          2
 Dazzling Flash           Conj/Hex       48%        N/A       1%          3
 Inner Flame              Hex/Fire       29%        N/A       1%          3
 Volatile Blastmotes      Fire/Tloc      58%        2d14      1%          3
 Necrotise                Necr           40%        1d6       10%         1
 Cigotuvi's Dreadful Rot  Necr/Alch/Air  20%        N/A       14%         2
 Ensorcelled Hibernation  Hex/Ice        20%        N/A       14%         2
 Passwall                 Erth           10%        N/A       28%         3
 Summon Ice Beast         Ice/Summ       10%        N/A       28%         3
 Swiftness                Air            10%        N/A       28%         3
 Vampiric Draining        Necr           10%        2d6       28%         3
 Martyr's Knell           Necr/Summ      10%        N/A       67%         4
 Curse of Agony           Necr           10%        N/A       95%         5
 Silence                  Hex/Air        5%         N/A       95%         5
 Summon Mana Viper        Hex/Summ       10%        N/A       95%         5
 Haunt                    Necr/Summ      5%         N/A       100%        7
 Monstrous Menagerie      Summ           5%         N/A       100%        7
 Infestation              Necr           5%         N/A       100%        8


Dungeon Overview and Level Annotations

Branches:
Dungeon (11/15)            Temple (1/1) D:5             Orc (0/2) D:9
   Lair: D:8-11

Altars:
Ashenzari
Cheibriados
Dithmenos
Fedhas
Gozag
Hepliaklqana
Kikubaaqudgha
Makhleb
Nemelex Xobeh
Okawaru
Qazlal
Ru
Sif Muna
Trog
Uskayaw
Vehumet
Wu Jian
Xom
Yredelemnul

Shops:
D:5 [((([

Annotations:
D:7 2 transporters


Innate Abilities, Weirdness & Mutations

You regenerate a little health from kills.
When hurt, damage is shared between your health and your magic reserves.
You regenerate magic rapidly.
When seriously injured, your blood forms armour. (AC +6)


Message History

The warg is moderately wounded.
The flame wave engulfs the orc wizard!
The orc wizard is severely wounded.
The flame wave engulfs the orc.
You kill the orc!
Vehumet accepts your kill. (Press . to intensify the flame waves.)
You hear a shout!
The warg bites you!
The orc wizard hits you but does no damage.
The gnoll hits you from afar with a +0 spear!
* * * LOW HITPOINT WARNING * * *
A gnoll comes into view.
It is wielding a +0 flail and quivering a throwing net.
The gnoll sergeant hits you with a +0 spear.
* * * LOW HITPOINT WARNING * * *
You hear a howl!
Unknown command.
A wave of flame ripples out!
The flame wave engulfs the gnoll sergeant but does no damage.
The gnoll sergeant is severely wounded.
The flame wave engulfs the gnoll!!
You kill the gnoll!
Vehumet accepts your kill.
The flame wave engulfs the warg!
The warg is heavily wounded.
The flame wave engulfs the orc wizard.
The orc wizard is almost dead.
The flame wave engulfs the orc priest!
The orc priest is heavily wounded.
The flame wave engulfs the gnoll!
The gnoll is severely wounded.
The flame wave engulfs the gnoll!
The gnoll is almost dead.
The flame wave engulfs the orc!
You kill the orc!
Vehumet accepts your kill.
You feel your power returning. The warg closely misses you. The warg bites you!
* * * LOW HITPOINT WARNING * * *
The gnoll sergeant hits you with a +0 spear.
You die...

# #.g.g #. #.....
#.. ...P.. #...
g..o..
######'##...oo.
.........#
.......g)#
.......gg####g..
........h@o...#
........))o.....###
##.....########...##
#.....#...........#
#....>#...........#
#.....#...........#
#.....#...........#
#.....#........([.#
#.....#...........#


You could see a warg, a gnoll sergeant, an orc priest, an orc wizard and 3
gnolls.

Vanquished Creatures
  Erolcha (D:9)
  A centaur warrior (D:11)
  A two-headed ogre (D:10)
  Pikel (Temple)
  Maurice (D:8)
  2 trolls
  Prince Ribbit (D:5)
  2 shadows
  29 yaks
  An acid dragon (D:8)
  3 vampire mosquitoes (D:11)
  2 water moccasins
  A swamp drake (D:9)
  An ice beast (D:8)
  8 orc warriors
  3 ogres
  A wolf (D:11)
  3 centaurs
  2 phantoms
  2 kobold brigands (D:4)
  2 lemures (D:5)
  A gnoll sergeant (D:11)
  3 scorpions
  10 wights
  14 killer bees
  2 howler monkeys (D:9)
  2 jellies
  2 hounds
  9 orc priests
  Ijyb (D:3)
  3 iguanas
  13 orc wizards
  10 adders
  22 gnolls
  2 shadow imps
  2 white imps (D:5)
  4 ribbon worms
  6 dart slugs
  39 orcs
  7 ball pythons
  7 endoplasms
  3 giant cockroaches
  5 goblins
  9 hobgoblins
  10 jackals
  6 quokkas
  4 bats
  4 frilled lizards
  47 kobolds
  7 rats
322 creatures vanquished.

Vanquished Creatures (others)
  1143 foxfires
1143 creatures vanquished.

Grand Total: 1465 creatures vanquished

Notes
Turn   | Place    | Note
-------+----------+-------------------------------------------
     0 | D:1      | Atlas the Demonspawn Fire Elementalist began the quest for
                  | the Orb.
     0 | D:1      | Reached XP level 1. HP: 13/13 MP: 3/3
   243 | D:1      | Gained mutation: You regenerate magic rapidly. [demonic
                  | ancestry]
   243 | D:1      | Reached XP level 2. HP: 19/19 MP: 0/5
   829 | D:1      | Learned a level 2 spell: Scorch
  1032 | D:2      | Gained mutation: When hurt, damage is shared between your
                  | health and your magic reserves. [demonic ancestry]
  1032 | D:2      | Reached XP level 3. HP: 20/24 MP: 0/6
  1371 | D:2      | You fall into a shaft and drop 1 floor!
  1727 | D:2      | Reached XP level 4. HP: 30/30 MP: 5/8
  1919 | D:2      | Found a faded altar of an unknown god.
  2461 | D:3      | Found a sparkling altar of Nemelex Xobeh.
  2463 | D:3      | Noticed Ijyb
  2474 | D:3      | Killed Ijyb
  2995 | D:4      | Reached XP level 5. HP: 35/35 MP: 6/10
  3295 | D:4      | Reached XP level 6. HP: 37/41 MP: 3/11
  3832 | D:4      | Gained mutation: You regenerate a little health from kills.
                  | [demonic ancestry]
  3832 | D:4      | Reached XP level 7. HP: 46/46 MP: 8/13
  4590 | D:5      | Entered Level 5 of the Dungeon
  4729 | D:5      | Reached skill level 5 in Fire Magic
  4807 | D:5      | Found a broken altar of Ashenzari.
  4811 | D:5      | Found an ornate altar of the Wu Jian Council.
  4845 | D:5      | Reached skill level 5 in Spellcasting
  4912 | D:5      | Found a staircase to the Ecumenical Temple.
  4919 | Temple   | Entered the Ecumenical Temple
  4985 | D:5      | Reached XP level 8. HP: 41/53 MP: 6/16
  5074 | D:5      | Found Moesoh's Antique Weapon Shop.
  5089 | D:5      | Learned a level 4 spell: Flame Wave
  5093 | D:5      | Learned a level 3 spell: Mephitic Cloud
  5125 | D:5      | Found Ulauf's Weapon Boutique.
  5173 | D:5      | Found a radiant altar of Vehumet.
  5188 | D:5      | Noticed Prince Ribbit
  5203 | D:5      | Killed Prince Ribbit
  5357 | D:5      | Became a worshipper of Vehumet
  5413 | D:5      | Noticed Pikel
  5493 | Temple   | Killed Pikel
  5494 | Temple   | Reached skill level 1 in Fighting
  5494 | Temple   | Reached skill level 5 in Conjurations
  5563 | D:5      | Found Zowk's Armour Shoppe.
  5648 | D:5      | Found Oschub's Armour Shop.
  5675 | D:5      | Found Pisetros's Weapon Shoppe.
  5982 | D:6      | Got the Folio of Fulgurant Shades
  6081 | D:6      | Found a basalt altar of Yredelemnul.
  6255 | D:6      | Found a hazy altar of Hepliaklqana.
  6278 | D:6      | Gained mutation: When seriously injured, your blood forms
                  | armour. (AC +6) [demonic ancestry]
  6278 | D:6      | Reached XP level 9. HP: 59/59 MP: 14/19
  6429 | D:7      | Found a transporter.
  6619 | D:7      | Found a stormy altar of Qazlal.
  6621 | D:7      | Found a blossoming altar of Fedhas.
  7000 | D:7      | Found a transporter.
  7246 | D:8      | Reached * piety under Vehumet
  7246 | D:8      | Offered knowledge of Magic Dart by Vehumet.
  7683 | D:8      | Noticed Maurice
  7688 | D:8      | Maurice stole a ring of wizardry
  7689 | D:8      | Killed Maurice
  8005 | D:9      | Reached XP level 10. HP: 41/65 MP: 7/22
  8149 | D:9      | Noticed Erolcha
  8158 | D:9      | Killed Erolcha
  9057 | D:9      | Reached ** piety under Vehumet
  9063 | D:9      | Offered knowledge of Freeze by Vehumet.
  9187 | D:9      | Found a staircase to the Orcish Mines.
  9316 | D:10     | Entered Level 10 of the Dungeon
  9452 | D:10     | Reached skill level 10 in Spellcasting
  9770 | D:10     | Noticed a two-headed ogre
  9777 | D:10     | Reached XP level 11. HP: 62/72 MP: 12/25
  9781 | D:10     | Killed a two-headed ogre
  9791 | D:10     | Offered knowledge of Hailstorm by Vehumet.
  9901 | D:10     | Reached *** piety under Vehumet
 10267 | D:11     | Reached skill level 1 in Short Blades
 10268 | D:11     | Reached skill level 1 in Armour
 10272 | D:11     | Reached skill level 1 in Polearms
 10339 | D:11     | Offered knowledge of Sticky Flame by Vehumet.
 10342 | D:11     | Reached skill level 10 in Fire Magic
 10666 | D:11     | Noticed a centaur warrior
 10676 | D:11     | Killed a centaur warrior
 10863 | D:11     | Slain by a gnoll sergeant

Illustrated notes

Levels and vault maps discovered:
D:1:      spicycebolla_green_bress_n_ham, layout_loops_ring
D:2:      layout_loops_corners, hellmonk_ecumenical_altar_inner_sanctum,
          kennysheep_decorative_pillar
D:3:      layout_rooms, nemelex_altar_shiori, corexii_item_surrounded_by_moat,
          kennysheep_small_spiral, uniq_ijyb
D:4:      minmay_goblin_kobold_castle, layout_loops_ring
D:5:      layout_rooms, mainiacjoe_overflow_concentric_impassable,
          mainiacjoe_overflow_catwalk_spiral, elyvilon_altar_5,
          minmay_temple_entry_wispy, serial_shops, nicolae_shop_stone,
          nicolae_shop_tiny_real_fake_doors, nicolae_shop_tiny_waterfront, shop,
          nicolae_shop_just_a_little_nook, kennysheep_generic_room_8,
          uniq_prince_ribbit1, uniq_pikel
D:6:      layout_rooms, lemuel_crystal_altar, nicolae_overflow_crystal_walls
D:7:      layout_cave_pools, grunt_temple_overflow_forces_of_nature,
          gammafunk_ghost_hive
D:8:      layout_gridville, uniq_maurice
D:9:      layout_basic, erik_orc_1, uniq_erolcha
D:10:     layout_roguey
D:11:     layout_gridville, erik_lair_orcish_takeover
Temple:   nicolae_temple_bog_church

Skill      XL: |  1  2  3  4  5  6  7  8  9 10 11 |
---------------+----------------------------------+-----
Stealth        | 2 3 |  3.0
Fire Magic     | 3 4 5 6 8 9 10 | 10.2
Dodging        | 2 3 4 |  4.3
Spellcasting   | 3 4 5 6 8 10 | 10.7
Conjurations   | 3 4 5 6 7 |  7.4
Fighting       | 1 2 |  2.7
Short Blades   | 2 |  2.2
Armour         | 2 |  2.7
Polearms       | 1 |  1.9

Action                     |  1- 3 |  4- 6 |  7- 9 | 10-12 || total
---------------------------+-------+-------+-------+-------++-------
  Melee: Unarmed           |    29 |       |       |       ||    29
         Dagger            |       |     8 |    38 |    46 ||    92
         Punch             |       |       |     1 |     1 ||     2
         Halberd           |       |       |       |    19 ||    19
   Cast: Foxfire           |    82 |   157 |   283 |   131 ||   653
         Scorch            |    10 |    19 |    56 |    34 ||   119
         Flame Wave        |       |       |     4 |    26 ||    30
  Evoke: Wand              |       |       |       |     1 ||     1
 Armour: Robe              |    32 |    16 |    88 |    41 ||   177
         Troll leather arm |       |       |       |   137 ||   137
  Dodge: Dodged            |    28 |    11 |    82 |   132 ||   253

Table legend: (Time is in decaauts)
 A = Elapsed time spent in this place.
 B = Non-inter-level travel time spent in this place.
 C = Inter-level travel time spent in this place.
 D = Time resting spent in this place.
 E = Time spent auto-exploring this place.
 F = Levels seen in this place.
 G = Mean time per level.
                   A        B        C        D        E       F      G
               +--------+--------+--------+--------+--------+-----+--------+
         Total |  10874 |  10505 |    369 |    171 |   8363 |  12 |  906.2 |
       Dungeon |  10781 |  10429 |    352 |    133 |   8363 |  11 |  980.1 |
        Temple |     92 |     76 |     16 |     38 |      0 |   1 |   92.0 |
               +--------+--------+--------+--------+--------+-----+--------+

Top non-repeatable levels by time:
     D:4: 1720 daAuts
     D:9: 1590 daAuts
     D:5: 1218 daAuts
     D:2: 1177 daAuts
     D:1: 1006 daAuts
    D:10: 872 daAuts
     D:8: 779 daAuts
     D:3: 754 daAuts
     D:7: 647 daAuts
    D:11: 610 daAuts
     D:6: 403 daAuts
  Temple: 92 daAuts
